Map: Ulrena

Players

LilDicky - Winner!

  • Race: Zerg Zerg
  • League: Diamond

Reethok

  • Race: Zerg Zerg
  • League: Bronze

VOD

http://www.twitch.tv/tumescentpie

Description

Time

  • Played on: Dec. 15, 2015, 9:29 p.m.
  • Length: 3:07
Show
View Real Time Build Order
Export as new Build Order

LilDicky Zerg - Winner!

Build Orders: Pool Only 

Get SALT Encoding   

  12  0:22  Spawning Pool  
  11  1:10  Spine Crawler  
  10  1:11  Zergling x2  
  10  1:13  Zergling x4  
  13  1:31  Overlord  
  13  1:36  Zergling x2  
  14  2:02  Zergling x2  
  15  2:19  Zergling x2  
  15  2:20  Zergling x4  
  17  2:31  Queen  
Show
View Real Time Build Order
Export as new Build Order

Reethok Zerg 

Build Orders: Pool Only 

Get SALT Encoding   

  12  0:01  Drone  
  13  0:08  Extractor  
  12  0:28  Spawning Pool  
  11  0:36  Drone x2  
  13  0:45  Overlord  
  13  0:51  Drone  
  14  1:05  Drone  
  15  1:15  Metabolic Boost  
  15  1:17  Zergling x2  
  16  1:22  Zergling x2  
  17  1:32  Queen  
  19  1:42  Baneling Nest  
  18  1:47  Zergling x2  
  19  1:56  Zergling x4  
  19  2:17  Zergling x4  
  21  2:33  Zergling x2  
Tags
 
Add a new tag
Caveats
  • Supply blocks, unpowered buildings, or Contaminate may cause inaccurate times.
  • Supply counts are checked every 10 seconds.